Map: [EWC] Post-Youth

Players

Clem - Winner!

  • Race: Terran Terran
  • Spawn Location: 7:00

Serral

  • Race: Zerg Zerg
  • Spawn Location: 1:00

Event: Esports World Cup 2024

VOD

Have the link to the VOD?

Description

Time

  • Played on: Aug. 18, 2024, 12:20 p.m.
  • Length: 26:02

All games in this series

Show
View Real Time Build Order
Export as new Build Order

Clem Terran - Winner!

Build Orders: Reaper Expand 

Get SALT Encoding   

  12  0:00  SCV  
  13  0:12  SCV  
  14  0:17  Supply Depot  
  14  0:24  SCV  
  15  0:38  SCV  
  15  0:39  Barracks  
  16  0:44  Refinery  
  16  0:50  SCV  
  17  1:03  SCV  
  18  1:15  SCV  
  19  1:26  Reaper  
  19  1:27  Orbital Command  
  20  1:42  Command Center  
  20  1:49  Supply Depot  
  20  1:53  SCV  
  21  1:58  Marine  
  22  2:05  SCV  
  23  2:12  Factory  
  23  2:17  SCV  
  24  2:23  Barracks Reactor  
  24  2:29  SCV  
  25  2:43  Command Center  
  25  2:44  SCV  
  26  2:53  Orbital Command  
  26  2:56  SCV  
  27  3:05  Barracks  
  27  3:06  Barracks Tech Lab  
  27  3:08  SCV  
  27  3:12  Hellion  
  30  3:16  Hellion  
  32  3:21  SCV  
  32  3:25  Marine  
  34  3:27  SCV, Refinery  
  34  3:30  Stimpack  
  34  3:33  SCV  
  36  3:39  SCV  
  37  3:43  Marine  
  37  3:45  SCV  
  39  3:55  Orbital Command  
  39  3:56  SCV  
  39  3:59  Starport  
  39  4:00  Factory Reactor  
  39  4:01  Marine x3  
  43  4:03  SCV  
  43  4:08  SCV  
  45  4:15  SCV, Supply Depot  
  46  4:18  Marine x2  
  46  4:20  SCV  
  46  4:23  SCV  
  50  4:25  Marine  
  50  4:27  SCV  
  50  4:30  Refinery  
  52  4:32  SCV  
  52  4:36  Marine x2  
  55  4:39  SCV, Orbital Command  
  55  4:41  Medivac, Engineering Bay x2  
  55  4:43  Marine  
  55  4:44  Medivac, Factory Tech Lab  
  55  4:45  SCV  
  62  4:49  Barracks  
  62  4:51  SCV  
  62  4:52  Refinery  
  63  4:54  Marine  
  63  4:56  Supply Depot  
  63  4:57  SCV  
  63  4:59  Marine  
  66  5:01  Marine  
  66  5:03  SCV  
  66  5:05  SCV  
  69  5:09  Supply Depot, Combat Shield  
  69  5:17  SCV x3, Marine  
  69  5:18  Marine  
  74  5:22  Terran Infantry Weapons Level 1, Supply Depot  
  74  5:23  Terran Infantry Armor Level 1  
  74  5:24  Marine  
  75  5:29  SCV x2  
  75  5:30  SCV, Barracks  
  75  5:33  Barracks  
  78  5:39  Marine  
  78  5:41  SCV, Siege Tank  
  78  5:42  Supply Depot  
  83  5:44  Marine  
  83  5:45  Starport Reactor, Marine  
  83  5:46  Marine  
  83  5:47  SCV, Marine  
  83  5:49  SCV  
  88  5:52  Supply Depot  
  88  5:53  SCV  
  89  5:57  Marine  
  89  5:59  SCV, Supply Depot  
  89  6:01  SCV  
  89  6:03  Supply Depot, Marine x2  
  94  6:06  SCV  
  94  6:11  SCV, Refinery x2  
  95  6:13  SCV, Marine x2  
  95  6:14  Supply Depot  
  95  6:15  Marine  
  99  6:21  Barracks Reactor  
  99  6:22  Marine  
  99  6:24  Medivac, Siege Tank, SCV  
  102  6:26  SCV, Marine  
  102  6:27  Barracks Reactor  
  102  6:30  SCV  
  102  6:31  Factory  
  104  6:35  Marine  
  104  6:36  Armory  
  104  6:37  SCV  
  104  6:38  SCV  
  106  6:41  Supply Depot  
  106  6:42  SCV, Marine  
  106  6:45  Medivac  
  110  6:47  Marine  
  110  6:50  Marine  
  110  6:51  Concussive Shells  
  110  6:52  Marauder  
  114  6:54  Supply Depot  
  114  6:58  Siege Tank  
  117  7:05  Command Center  
  117  7:06  Marine  
  117  7:07  Medivac  
  118  7:10  Marine x2  
  118  7:12  Marine x2  
  118  7:15  Medivac  
  124  7:18  Marine  
  124  7:20  Supply Depot, Marine x2  
  124  7:21  Sensor Tower, Marine  
  124  7:22  Factory Tech Lab  
  127  7:31  Terran Infantry Armor Level 2, Terran Infantry Weapons Level 2  
  127  7:32  Terran Vehicle Weapons Level 1  
  127  7:39  Barracks x3  
  120  7:44  Siege Tank  
  120  7:46  Marine  
  120  7:47  Marine x6  
  133  7:51  Siege Tank  
  133  7:55  Liberator  
  133  7:58  Marine x2  
  136  7:59  Supply Depot  
  136  8:04  Marine  
  138  8:10  Medivac, Ghost Academy, Marine  
  138  8:11  Supply Depot, Marine  
  138  8:12  Marine  
  143  8:13  Marine  
  143  8:14  Marine  
  143  8:15  Marine  
  143  8:16  Siege Tank  
  143  8:19  SCV x2  
  151  8:21  SCV  
  151  8:24  Marauder  
  151  8:26  Refinery  
  154  8:28  Siege Tank  
  154  8:31  SCV x2  
  154  8:33  SCV  
  160  8:39  Planetary Fortress  
  160  8:41  Barracks Tech Lab x3  
  160  8:43  SCV, Supply Depot  
  160  8:45  Marine x2  
  160  8:46  Marauder  
  165  8:48  Siege Tank  
  165  8:50  SCV  
  169  8:57  Marine  
  169  8:58  SCV  
  169  9:03  Siege Tank, Sensor Tower, Missile Turret  
  169  9:08  Supply Depot  
  169  9:09  Ghost  
  174  9:10  Command Center  
  174  9:11  Ghost  
  174  9:15  Ghost  
  177  9:25  Viking  
  177  9:26  Siege Tank  
  177  9:29  SCV  
  183  9:40  Marauder  
  183  9:42  Siege Tank  
  183  9:44  Command Center  
  188  9:46  Missile Turret  
  188  9:47  Ghost, Missile Turret  
  188  9:48  Ghost  
  191  9:56  Command Center  
  191  10:01  Terran Infantry Weapons Level 3  
  195  10:07  Marauder x2  
  195  10:09  Command Center  
  195  10:17  Marauder  
  197  10:23  Ghost  
  197  10:26  Medivac  
  197  10:27  Ghost  
  199  10:28  Siege Tank  
  199  10:40  Command Center  
  199  10:42  Ghost  
  199  10:53  Marine  
  188  11:05  Siege Tank  
  188  11:07  Ghost  
  168  11:12  SCV x2  
  168  11:14  SCV x2  
  165  11:20  Ghost  
  165  11:23  Siege Tank  
  165  11:24  SCV, Orbital Command  
  165  11:25  Command Center  
  170  11:26  SCV x2  
  170  11:27  Planetary Fortress  
  170  11:28  Ghost  
  170  11:32  Ghost, Marine  
  178  11:35  Marine  
  178  11:36  Orbital Command, Marauder, Marine x2  
  178  11:38  Marine x3  
  185  11:40  Missile Turret  
  185  11:42  SCV  
  185  11:43  Marine  
  185  11:45  SCV  
  188  11:49  Marauder  
  188  11:53  Siege Tank  
  192  11:57  Ghost  
  192  11:58  Missile Turret  
  192  11:59  Ghost  
  196  12:04  Siege Tank  
  196  12:07  Orbital Command  
  196  12:08  Refinery x2  
  195  12:10  Missile Turret  
  195  12:11  Liberator  
  195  12:15  Terran Infantry Armor Level 3  
  198  12:24  Terran Vehicle Weapons Level 2  
  198  12:29  Command Center  
  198  12:35  Factory  
  198  12:37  Armory  
  198  12:41  Orbital Command  
  198  12:50  Ghost  
  200  12:55  Neosteel Armor  
  200  13:00  Missile Turret  
  200  13:03  Missile Turret  
  200  13:09  Medivac  
  200  13:10  Missile Turret  
  200  13:17  Ghost x2  
  200  13:18  Ghost  
  200  13:19  Siege Tank, Marine  
  181  13:20  Factory Tech Lab  
  181  13:23  Marauder, Marine x4  
  181  13:25  Siege Tank  
  181  13:26  Medivac  
  192  13:35  Sensor Tower  
  192  13:37  Command Center  
  192  13:39  Medivac  
  194  13:41  Command Center  
  194  13:42  Siege Tank, Drilling Claws  
  194  13:44  Infernal Pre-Igniter, Marauder  
  194  13:46  Terran Vehicle And Ship Armor Level 1  
  194  13:47  Orbital Command  
  199  13:51  Missile Turret  
  199  14:26  Factory  
  199  14:29  Missile Turret  
  199  14:30  Sensor Tower  
  186  14:36  Siege Tank  
  189  14:39  Ghost  
  189  14:44  Ghost x2  
  195  14:46  Siege Tank, Marine  
  199  14:53  Missile Turret  
  199  14:57  Orbital Command x2  
  199  15:00  Marine  
  199  15:03  Command Center  
  199  15:04  Ghost, Missile Turret  
  199  15:06  Terran Vehicle Weapons Level 3  
  198  15:07  Ghost  
  198  15:08  Missile Turret  
  199  15:24  Hi-Sec Auto Tracking  
  197  15:29  Personal Cloaking  
  197  15:43  Ghost  
  199  15:55  Terran Vehicle And Ship Armor Level 2  
  199  16:05  Orbital Command  
  199  16:07  Sensor Tower  
  199  16:16  Planetary Fortress  
  195  16:18  Siege Tank  
  195  16:19  Missile Turret  
  195  16:22  Ghost  
  195  16:25  Ghost  
  196  16:41  Siege Tank  
  199  16:48  Refinery  
  196  16:54  Missile Turret  
  196  16:56  Ghost  
  196  16:57  Ghost  
  197  17:02  Ghost  
  199  17:14  Ghost  
  197  17:19  Orbital Command  
  195  17:24  Siege Tank  
  195  17:25  Ghost  
  200  17:32  Refinery  
  200  17:47  Sensor Tower, Missile Turret  
  200  18:11  Missile Turret x2  
  200  18:24  Factory Tech Lab  
  200  18:26  Command Center  
  196  18:50  Terran Vehicle And Ship Armor Level 3, Terran Ship Weapons Level 1  
  196  19:14  Ghost  
  196  19:15  Ghost  
  199  19:41  Starport  
  199  19:43  Starport  
  199  19:55  Missile Turret  
  199  19:58  Ghost  
  191  20:05  Ghost x2  
  190  20:11  Ghost  
  187  20:16  Thor x2  
  187  20:21  Missile Turret  
  199  20:31  Orbital Command  
  197  20:41  Ghost, Refinery  
  197  20:44  Refinery  
  197  20:47  Thor  
  197  20:48  Thor  
  200  20:55  Ghost  
  197  21:01  Thor, Ghost  
  197  21:02  Marine x3  
  198  21:05  Starport Reactor  
  198  21:06  Fusion Core  
  198  21:09  Ghost  
  200  21:13  Terran Ship Weapons Level 2  
  200  21:15  Planetary Fortress  
  197  21:49  Orbital Command  
  197  21:54  Ghost  
  197  22:02  Ghost  
  197  22:07  Thor  
  199  22:13  Ghost  
  199  22:14  Ghost  
  196  22:21  Command Center  
  196  22:22  Siege Tank  
  196  22:26  Ghost  
  198  22:44  Ghost  
  198  22:54  Ghost  
  195  23:08  Ghost  
  195  23:10  Liberator  
  195  23:11  Liberator  
  198  23:18  Ghost x2  
  190  23:20  Siege Tank  
  190  23:23  Ghost  
  178  23:27  Thor  
  184  23:36  Ghost  
  184  23:39  Siege Tank x2  
  192  23:46  Ghost x2  
  194  23:51  Ghost  
  194  23:52  Siege Tank  
  194  23:53  Planetary Fortress  
  199  24:02  Refinery  
  199  24:03  Refinery  
  190  24:10  Siege Tank  
  190  24:14  Ghost  
  190  24:15  Ghost x2  
  190  24:16  Liberator x3  
  190  24:17  Liberator, Siege Tank  
  179  24:18  Marine x7  
  179  24:19  Marine  
  179  24:20  Ghost  
  195  24:35  Marine  
  166  24:43  Ghost x3  
  166  24:44  Siege Tank  
  175  24:48  Ghost  
  175  24:52  Medivac, Marine x5  
  179  24:53  Marine x3  
  179  24:58  Siege Tank  
  188  25:02  Siege Tank  
  191  25:10  Marine x6  
  191  25:11  Ghost  
  191  25:12  Ghost x2  
  200  25:17  Marine  
  200  25:20  Marine  
  198  25:24  Ghost  
  197  25:37  Starport Reactor  
  197  25:41  Marauder  
Show
View Real Time Build Order
Export as new Build Order

Serral Zerg 

Build Orders: Hatch First 

Get SALT Encoding   

  12  0:00  Drone  
  13  0:08  Drone  
  14  0:15  Drone, Extractor  
  15  0:37  Hatchery  
  14  0:43  Drone, Extractor  
  14  0:49  Overlord  
  15  1:03  Spawning Pool  
  14  1:07  Drone  
  15  1:12  Drone  
  15  1:15  Drone  
  17  1:19  Drone  
  18  1:29  Drone  
  19  1:40  Drone  
  20  1:50  Queen x2  
  20  1:51  Zergling x2  
  20  1:53  Drone  
  26  2:01  Overlord  
  26  2:02  Drone  
  27  2:17  Hatchery  
  27  2:18  Drone  
  27  2:21  Drone  
  27  2:23  Drone  
  27  2:26  Drone  
  29  2:33  Overlord  
  29  2:37  Queen  
  29  2:41  Drone  
  29  2:43  Drone  
  33  2:48  Queen  
  35  2:54  Overlord  
  35  2:55  Drone  
  36  2:59  Drone  
  36  3:00  Drone  
  36  3:01  Drone  
  36  3:05  Extractor, Drone x2  
  40  3:06  Drone  
  40  3:10  Drone x2  
  43  3:19  Roach Warren  
  42  3:20  Queen  
  42  3:26  Extractor  
  42  3:27  Queen  
  43  3:31  Overlord  
  43  3:33  Drone x2  
  47  3:36  Drone  
  47  3:41  Drone x3  
  51  3:44  Drone  
  51  3:46  Drone x2  
  54  3:50  Overlord  
  54  3:51  Drone  
  54  3:54  Overlord  
  55  4:02  Overlord  
  55  4:04  Drone x4  
  55  4:08  Drone  
  60  4:10  Lair  
  60  4:13  Drone x2  
  62  4:18  Spore Crawler, Drone  
  62  4:19  Evolution Chamber  
  62  4:23  Drone x2  
  64  4:30  Extractor  
  64  4:31  Extractor  
  64  4:32  Drone x5  
  64  4:34  Overlord  
  68  4:41  Drone x6  
  68  4:42  Queen  
  76  4:46  Evolution Chamber, Drone  
  76  4:47  Evolution Chamber  
  76  4:50  Drone x2  
  76  4:52  Overlord  
  77  4:55  Overlord  
  77  5:00  Extractor, Drone  
  77  5:01  Extractor  
  77  5:04  Roach x4  
  84  5:08  Glial Reconstitution  
  84  5:10  Drone  
  84  5:11  Overlord  
  84  5:13  Roach x3  
  91  5:20  Zerg Ground Armor Level 1, Zerg Missile Weapons Level 1  
  91  5:27  Hatchery  
  90  5:29  Roach  
  90  5:30  Roach  
  90  5:34  Drone  
  95  5:35  Overlord  
  95  5:38  Roach x2  
  95  5:39  Overlord  
  95  5:40  Overseer  
  99  5:48  Evolution Chamber  
  100  5:51  Roach x3  
  100  5:52  Hatchery  
  100  5:54  Drone  
  100  5:55  Infestation Pit  
  105  5:57  Overlord  
  105  5:58  Roach x2  
  105  6:03  Overlord  
  109  6:04  Drone  
  109  6:05  Overlord, Drone  
  109  6:08  Overlord  
  111  6:13  Overlord x2  
  111  6:14  Metabolic Boost  
  111  6:21  Roach  
  111  6:23  Drone x3  
  111  6:24  Drone  
  111  6:25  Drone x2  
  111  6:31  Hive  
  111  6:33  Drone x3  
  111  6:36  Ravager  
  111  6:38  Infestor x2  
  119  6:42  Roach x3  
  124  6:48  Baneling Nest  
  124  6:49  Ravager x3  
  124  6:51  Roach x2  
  130  6:54  Drone x2  
  130  6:55  Drone  
  130  6:58  Overlord  
  130  6:59  Drone  
  134  7:02  Ravager  
  134  7:06  Roach x2, Zergling x8  
  140  7:12  Drone x4  
  144  7:16  Zerg Ground Armor Level 2, Zerg Melee Weapons Level 1  
  144  7:19  Zergling x4  
  144  7:20  Zergling x2  
  147  7:24  Extractor  
  147  7:26  Zergling x2  
  147  7:27  Zergling x8  
  151  7:33  Centrifugal Hooks  
  151  7:39  Zergling x20  
  151  7:43  Hatchery  
  159  7:45  Viper  
  159  7:49  Viper  
  165  8:00  Zergling x8  
  165  8:01  Ultralisk Cavern, Zergling x2, Overlord x3  
  165  8:02  Overlord  
  169  8:06  Adrenal Glands  
  169  8:10  Baneling x6  
  169  8:19  Drone x3  
  170  8:21  Drone  
  170  8:25  Drone x2  
  170  8:26  Drone x2  
  174  8:30  Drone x5  
  179  8:36  Zergling x28  
  179  8:40  Baneling x9  
  179  8:41  Baneling  
  193  8:50  Chitinous Plating  
  193  8:54  Drone x2  
  193  9:02  Drone  
  192  9:05  Overlord  
  192  9:06  Pneumatized Carapace  
  192  9:09  Drone x3  
  195  9:14  Hatchery  
  190  9:21  Zergling x30  
  190  9:22  Hatchery  
  190  9:24  Baneling x9  
  197  9:41  Zerg Melee Weapons Level 2  
  197  9:42  Zerg Ground Armor Level 3  
  197  9:45  Extractor  
  196  9:52  Zergling x6  
  191  10:01  Zergling x8  
  191  10:02  Zergling x36  
  191  10:04  Ultralisk, Zergling x4  
  199  10:09  Anabolic Synthesis  
  199  10:18  Burrow  
  199  10:28  Ultralisk x2, Zergling x20  
  196  10:38  Drone x2  
  195  10:43  Hydralisk Den  
  195  10:47  Zergling x6  
  195  10:48  Zergling x4  
  199  10:52  Drone  
  171  11:08  Zergling x8  
  171  11:09  Zergling x40  
  164  11:13  Viper x2  
  164  11:15  Zergling x16  
  164  11:16  Infestor  
  164  11:17  Infestor x2  
  178  11:23  Baneling x10, Overseer  
  178  11:28  Grooved Spines  
  178  11:30  Drone x3  
  178  11:31  Drone x2  
  178  11:32  Baneling x2, Zergling x16  
  191  11:33  Spore Crawler, Zergling x14  
  196  11:45  Baneling x2  
  196  11:50  Hatchery  
  193  11:57  Zerg Missile Weapons Level 2  
  189  12:11  Zergling x20  
  189  12:14  Baneling x6  
  189  12:15  Baneling x2  
  199  12:18  Muscular Augments  
  199  12:21  Zerg Melee Weapons Level 3  
  199  12:26  Drone  
  200  12:30  Infestor  
  200  12:31  Baneling x4  
  200  12:32  Hatchery  
  199  12:38  Baneling x11  
  199  12:41  Drone  
  200  12:45  Overseer  
  200  12:48  Spire x2  
  198  12:56  Infestor x2  
  200  13:07  Zergling x6  
  200  13:08  Zergling x4  
  171  13:20  Zergling x30  
  171  13:23  Drone x2  
  171  13:24  Baneling x11  
  188  13:39  Hydralisk x5  
  198  13:55  Spore Crawler, Drone x2  
  199  13:56  Spore Crawler  
  190  14:05  Hydralisk x9  
  190  14:06  Zergling x8  
  190  14:08  Zerg Flyer Armor Level 1, Zerg Flyer Weapons Level 1  
  197  14:20  Baneling x6  
  197  14:21  Zergling x4  
  196  14:33  Infestor  
  198  14:41  Zergling x8  
  199  14:49  Drone  
  200  14:53  Spore Crawler  
  200  14:55  Drone  
  200  14:58  Nydus Network, Hatchery  
  189  15:00  Zergling x20  
  189  15:06  Zergling x10  
  196  15:21  Zergling x12  
  195  15:26  Overseer  
  198  15:38  Overseer  
  198  15:42  Zergling x4  
  200  15:43  Infestor  
  200  15:45  Zerg Missile Weapons Level 3  
  200  15:48  Baneling x10  
  200  15:52  Nydus Canal  
  200  15:56  Extractor  
  200  15:57  Extractor  
  197  15:58  Drone x3  
  199  16:07  Nydus Canal  
  197  16:25  Zergling x14  
  195  16:35  Zergling x8  
  195  16:37  Zerg Flyer Weapons Level 2  
  195  16:38  Greater Spire  
  199  16:53  Zergling x8  
  187  17:08  Corruptor x10, Extractor  
  182  17:09  Extractor  
  185  17:37  Hatchery  
  181  17:39  Hatchery  
  180  17:46  Spore Crawler  
  180  17:47  Spore Crawler, Drone x2  
  180  17:50  Brood Lord x5, Overseer x2  
  180  17:51  Brood Lord x5  
  200  18:11  Hatchery  
  199  18:25  Infestor, Hatchery  
  199  18:26  Neural Parasite  
  200  18:31  Extractor  
  198  18:36  Nydus Canal  
  198  18:38  Infestor  
  199  18:55  Infestor x3  
  198  19:04  Overlord x2  
  198  19:05  Overlord x2  
  198  19:08  Overlord  
  198  19:09  Infestor x2  
  198  19:16  Overseer  
  194  19:17  Overseer x2  
  194  19:21  Hatchery  
  194  19:23  Infestor x4  
  199  19:27  Infestor x6  
  198  19:35  Zergling x8  
  198  19:38  Extractor  
  198  19:39  Extractor  
  188  19:46  Overseer x2  
  188  19:47  Overseer x2  
  188  19:48  Zergling x24  
  179  20:08  Zergling x40  
  197  20:17  Viper x2  
  199  20:29  Baneling x2  
  198  20:39  Zergling x2  
  192  20:46  Zergling x26  
  192  20:47  Hatchery  
  192  21:02  Corruptor x5  
  192  21:03  Corruptor x2  
  189  21:11  Nydus Canal, Drone x3  
  189  21:13  Infestor x2  
  189  21:14  Infestor x6  
  192  21:33  Brood Lord, Overlord x2  
  192  21:36  Overlord x2  
  192  21:39  Overlord  
  182  21:59  Zergling x30  
  192  22:03  Zergling x16  
  194  22:13  Zergling x24  
  197  22:18  Brood Lord  
  197  22:19  Brood Lord x3  
  198  22:23  Overlord x2  
  198  22:24  Overlord  
  198  22:28  Brood Lord x2  
  190  22:39  Zergling x8  
  190  22:44  Extractor  
  187  22:53  Zergling x2  
  187  22:54  Zergling x24  
  175  23:25  Zergling x46  
  166  23:28  Infestor  
  166  23:31  Zergling x4, Queen x5  
  171  23:34  Drone x8  
  171  23:35  Baneling x14  
  171  23:38  Zergling x10  
  171  23:41  Hatchery  
  171  23:46  Infestor x6  
  170  23:49  Baneling x8  
  170  23:57  Overlord x2  
  170  24:01  Hatchery  
  152  24:10  Zergling x30  
  152  24:15  Hydralisk x2  
  146  24:19  Hydralisk  
  146  24:20  Hydralisk x3  
  146  24:24  Zergling x10  
  156  24:25  Queen  
  156  24:27  Baneling  
  157  24:36  Zergling x12  
  150  24:38  Hydralisk x3  
  150  24:41  Zergling x2  
  150  24:42  Baneling x6, Overseer  
  150  24:43  Overlord  
  150  24:44  Overlord x6  
  149  24:48  Zergling x2  
  149  24:50  Hydralisk x2, Zergling x2  
  149  24:52  Overlord x2  
  152  24:57  Extractor  
  151  25:04  Ultralisk x6  
  196  25:11  Zergling x14  
  198  25:18  Zergling x8  
  199  25:23  Zergling x4  
  198  25:31  Overseer  
  198  25:32  Overseer  
  192  25:36  Zergling x2  
  192  25:37  Zergling x12  
Tags
 
Add a new tag
Caveats
  • Supply blocks, unpowered buildings, or Contaminate may cause inaccurate times.
  • Supply counts are checked every 10 seconds.